 Seeded DCSS version 0.31-a0-633-g82435fa (webtiles) character file.

Game seed: 7008617450479934224 (custom seed)

70 Ayyar the Cutter (level 4, -2/34 HPs)
             Began as a Mummy Gladiator on Aug 23, 2023.
             Slain by a human zombie (4 damage)
             ... in an ossuary on Aug 25, 2023.
             The game lasted 00:08:18 (2324 turns).

Ayyar the Cutter (Mummy Gladiator)                  Turns: 2324, Time: 00:08:18

Health: -2/34      AC:  4    Str: 19    XL:     4   Next: 3%
Magic:  4/4        EV: 12    Int:  7    God:
Gold:   116        SH:  0    Dex: 13    Spells: 3/3 levels left

rFire   x . .        a - +0 rapier
rCold   + . .        (no shield)
rNeg    + + +        b - +0 leather armour
rPois   ∞            c - +0 helmet
rElec   .            (no cloak)
rCorr   .            (no gloves)
SInv    .            (no boots)
Will    .....        (no amulet)
Stlth   +            (no ring)
HPRegen 0.25/turn    (no ring)
MPRegen 0.09/turn

%: faith
@: no status effects
A: cold resistance 1, negative energy resistance 3, torment resistance 2, heat
vulnerability 1, in touch with death 1, no potions, faith
a: no special abilities


You were in an ossuary.
You visited 1 branch of the dungeon, and saw 4 of its levels.
You also visited: Ossuary.

You collected 116 gold pieces.

Inventory:

Hand Weapons
 a - a +0 rapier (weapon)
Missiles
 d - 3 throwing nets (quivered)
 e - a javelin
 k - 6 atropa-tipped darts
Armour
 b - a +0 leather armour (worn)
 c - a +0 helmet (worn)
 n - a +2 kite shield
Scrolls
 f - 4 scrolls of identify {unknown}
 g - a scroll of vulnerability {unknown}
 h - a scroll of teleportation {unknown}
 i - a scroll of fog {unknown}
 j - a scroll of noise {unknown}
 l - 2 scrolls of enchant armour {unknown}
 m - a scroll of poison {unknown}


   Skills:
 + Level 2.6 Fighting
 + Level 2.9 Short Blades
 + Level 2.2 Throwing
 + Level 2.9 Dodging


You had 3 spell levels left.
You didn't know any spells.
Your spell library contained the following spells:

 Spells                   Type           Power      Damage    Failure   Level
 Foxfire                  Conj/Fire      0%         2x1d4     50%         1
 Blink                    Tloc           0%         N/A       63%         2
 Manifold Assault         Tloc           0%         N/A       99%         4
 Plasma Beam              Fire/Air       0%         2x1d10    100%        6
 Starburst                Conj/Fire      0%         6d3       100%        6


Dungeon Overview and Level Annotations

Branches:
Dungeon (4/15)            Ossuary (1/1)
 Temple: D:4-7

Altars:
Nemelex Xobeh

Annotations:
D:2 Sigmund


Innate Abilities, Weirdness & Mutations

You are immune to poison.
Your flesh is cold resistant. (rC+)
You are immune to negative energy. (rN+++)
You are immune to unholy pain and torment.
You are vulnerable to heat. (rF-)
You are in touch with the powers of death.
You do not drink.
You have a special connection with the divine. (Faith)


Message History

The human zombie hits you.
You are too injured to fight recklessly!
You hit the human zombie.
The human zombie is moderately damaged.
The human zombie hits you.
* * * LOW HITPOINT WARNING * * *
You hit the human zombie.
The human zombie is heavily damaged.
You hit the human zombie but do no damage.
The human zombie is heavily damaged.
The human zombie hits you but does no damage.
You hit the human zombie.
The human zombie is heavily damaged.
The human zombie hits you.
* * * LOW HITPOINT WARNING * * *
You hit the human zombie.
The human zombie is heavily damaged.
The human zombie barely misses you.
You hit the human zombie.
The human zombie is severely damaged.
The human zombie hits you.
* * * LOW HITPOINT WARNING * * *
You completely miss the human zombie.
The human zombie is severely damaged.
The human zombie hits you.
* * * LOW HITPOINT WARNING * * *
Sorry, you're not good enough to have a special ability.
You hit the human zombie.
The human zombie is severely damaged.
The human zombie hits you.
* * * LOW HITPOINT WARNING * * *
You hit the human zombie but do no damage.
The human zombie is severely damaged.
You hit the human zombie.
The human zombie is severely damaged.
The human zombie hits you but does no damage.
You hit the human zombie but do no damage.
The human zombie is severely damaged.
The human zombie hits you.
You die...

#...# #...# #...#
#...# ###...# #...#
#...# .....+####...#
#...# #.∩.....#...#
#...# #.......#...#
#...# #.......#...#
#...#.####.......#...#
#...#............#...#
#...#.####..####@#...#
#...# #..# #Z#...#
#...# #^.# ..#...#
#...######^.######...#
#....................#
#........8..8........#
#....................#
#....................#
######################


You could see a human zombie.

Vanquished Creatures
  An adder (D:3)
  A worm (D:3)
  2 dart slugs (D:3)
  4 endoplasms
  2 giant cockroaches (D:1)
  5 goblins
  2 hobgoblins
  6 jackals (D:3)
  4 ball pythons
  2 bats
  3 frilled lizards (D:1)
  4 hobgoblin zombies (Ossuary)
  10 kobold zombies (Ossuary)
  6 orc zombies (Ossuary)
  7 rats
59 creatures vanquished.

Notes
Turn   | Place    | Note
-------+----------+-------------------------------------------
     0 | D:1      | Ayyar the Mummy Gladiator began the quest for the Orb.
     0 | D:1      | Reached XP level 1. HP: 16/16 MP: 1/1
   451 | D:1      | Reached XP level 2. HP: 20/22 MP: 2/2
  1190 | D:2      | Noticed Sigmund
  1682 | D:3      | Gained mutation: You are in touch with the powers of death.
                  | [Mummy growth]
  1682 | D:3      | Reached XP level 3. HP: 24/28 MP: 3/3
  1784 | D:3      | Upgraded the game from 0.31-a0-620-gd1cbd99 to
                  | 0.31-a0-633-g82435fa
  2033 | D:3      | Found a sparkling altar of Nemelex Xobeh.
  2153 | D:4      | Found a sand-covered staircase.
  2157 | Ossuary  | Entered an ossuary
  2265 | Ossuary  | Reached XP level 4. HP: 32/34 MP: 4/4
  2324 | Ossuary  | Slain by a human zombie

Illustrated notes

Levels and vault maps discovered:
D:1:      dpeg_arrival_boxorama, layout_basic, chequers_serial_rivers_room_b
D:2:      layout_loops_ring, serial_shops, nicolae_shop_stone, shop,
          uniq_sigmund
D:3:      layout_basic, nemelex_spade_bored_becter,
          hangedman_abyss_or_decor_lesser_grid
D:4:      minmay_diamond_boxcup, layout_basic, nicolae_qazlal_scattered_showers,
          gup_sewer_entry_bowl, lightli_ossuary_entry_decrepit_ruins,
          minivault_11
Ossuary:  ossuary_tomb_1

Skill      XL: |  1  2 |
---------------+-------+-----
Throwing       | 2 |  2.2
Fighting       | |  2.6
Short Blades   | |  2.9
Dodging        | |  2.9

Action                     |  1- 3 |  4- 6 || total
---------------------------+-------+-------++-------
  Melee: Rapier            |   209 |    29 ||   238
         Punch             |     2 |       ||     2
 Armour: Leather armour    |    72 |    13 ||    85
  Dodge: Dodged            |   150 |    12 ||   162

Table legend: (Time is in decaauts)
 A = Elapsed time spent in this place.
 B = Non-inter-level travel time spent in this place.
 C = Inter-level travel time spent in this place.
 D = Time resting spent in this place.
 E = Time spent auto-exploring this place.
 F = Levels seen in this place.
 G = Mean time per level.
                   A        B        C        D        E       F      G
               +--------+--------+--------+--------+--------+-----+--------+
         Total |   2341 |   2280 |     61 |     61 |   1704 |   5 |  468.2 |
       Dungeon |   2169 |   2108 |     61 |     61 |   1661 |   4 |  542.2 |
       Ossuary |    172 |    172 |      0 |      0 |     43 |   1 |  172.0 |
               +--------+--------+--------+--------+--------+-----+--------+

Top non-repeatable levels by time:
     D:1: 1119 daAuts
     D:3: 841 daAuts
     D:2: 196 daAuts
 Ossuary: 172 daAuts
     D:4: 11 daAuts
